 Dungeon Crawl Stone Soup version 0.31-a0-662-g684573625c (webtiles) character file.

Game seed: 9840050977073396984

20 freelancePsychic the Conjurer (level 2, 20/20 HPs)
             Began as a Minotaur Conjurer on Sept 1, 2023.
             Quit the game on level 1 of the Dungeon.
             The game lasted 00:00:40 (507 turns).

freelancePsychic the Conjurer (Minotaur Conjurer)    Turns: 507, Time: 00:00:41

Health: 20/20      AC:  5    Str: 11    XL:     2   Next: 58%
Magic:  3/3        EV: 10    Int: 15    God:
Gold:   39         SH:  0    Dex:  8    Spells: 3/4 levels left

rFire   . . .        c - +0 dagger (drain)
rCold   . . .        (no shield)
rNeg    . . .        f - +0 ring mail
rPois   .            (helmet restricted)
rElec   .            (no cloak)
rCorr   .            (no gloves)
SInv    .            (no boots)
Will    .....        (no amulet)
Stlth   +            (no ring)
HPRegen 0.23/turn    (no ring)
MPRegen 0.08/turn

%: no passive effects
@: no status effects
A: horns 2, retaliatory headbutt
a: no special abilities


You were on level 1 of the Dungeon.
You visited 1 branch of the dungeon, and saw 1 of its levels.

You collected 39 gold pieces.

Inventory:

Hand Weapons
 c - a +0 dagger of draining (weapon)
Armour
 a - a +0 robe
 f - a +0 ring mail (worn)
Scrolls
 e - a scroll of amnesia {unknown}
Potions
 b - a potion of magic
 d - a potion of heal wounds {unknown}


   Skills:
 + Level 0.2 Fighting
 - Level 2.5 Dodging
 - Level 2.0 Stealth
 - Level 1.6 Spellcasting
 - Level 3.1 Conjurations


You had 3 spell levels left.
You knew the following spells:

 Your Spells              Type           Power      Damage    Failure   Level
a - Magic Dart            Conj           40%        1d5       16%         1

Your spell library contained the following spells:

 Spells                   Type           Power      Damage    Failure   Level
 Searing Ray              Conj           20%        2d5       24%         2
 Dazzling Flash           Conj/Hex       10%        N/A       65%         3
 Fulminant Prism          Conj/Hex       2%         3d5       96%         4
 Iskenderun's Mystic Bla  Conj/Tloc      5%         2d3       96%         4


Dungeon Overview and Level Annotations

Branches:
Dungeon (1/15)

Altars:


Innate Abilities, Weirdness & Mutations

You have a pair of horns on your head.
You reflexively headbutt those who attack you in melee.


Message History

You now have 36 gold pieces (gained 6).
There is an open door here.
An endoplasm comes into view.
An endoplasm is nearby!
An endoplasm is nearby!
The endoplasm quivers.
The endoplasm hits you but does no damage.
You hit the endoplasm. You drain the endoplasm. You headbutt the endoplasm.
The endoplasm is almost dead.
The endoplasm misses you.
You hit the endoplasm but do no damage.
The endoplasm is almost dead.
The endoplasm hits you.
You hit the endoplasm but do no damage.
The endoplasm is almost dead.
The endoplasm closely misses you. You furiously retaliate!
You headbutt the endoplasm, but do no damage.
You hit the endoplasm but do no damage.
The endoplasm is almost dead.
The endoplasm hits you.
You hit the endoplasm.
You kill the endoplasm!
No target in view!
No target in view!
No target in view!
No target in view!
No target in view!
No target in view!
No target in view!
No target in view!
Found a stone staircase leading down.
There is a stone staircase leading down here.
You now have 39 gold pieces (gained 3).
You see here a +0 leather armour.
Things that are here:
a hobgoblin corpse; a bat corpse A quokka comes into view.
A quokka is nearby!
A quokka is nearby!
Are you sure you want to abandon this character and quit the game? (Confirm with "yes".)

#...# #.# #...)..# #...# #.#
#.####.#
##...########.#####.####.#
#....#................##.#
#..##..#.##.#.###.##.......####
.............#.###.##...........
........#.#.....##.##.##....####
.......##.##.#..##.##.#####.#
...##.. #......@...##.#####.#
### ##. #######.#####.......# #.
#.# ######### #. ... ..## #...
#.#r #. .


You could see a quokka.

Vanquished Creatures
  A dart slug (D:1)
  2 ball pythons (D:1)
  A bat (D:1)
  3 endoplasms (D:1)
  A goblin (D:1)
  2 hobgoblins (D:1)
  A kobold (D:1)
  2 quokkas (D:1)
  A rat (D:1)
14 creatures vanquished.

Notes
Turn   | Place    | Note
-------+----------+-------------------------------------------
     0 | D:1      | freelancePsychic the Minotaur Conjurer began the quest for
                  | the Orb.
     0 | D:1      | Reached XP level 1. HP: 14/14 MP: 1/1
    39 | D:1      | Reached skill level 3 in Conjurations
    92 | D:1      | Reached XP level 2. HP: 13/20 MP: 1/3
   507 | D:1      | Quit the game

Illustrated notes

Levels and vault maps discovered:
D:1:      kennysheep_arrival_seaside, layout_loops_cross, dk_noncrumbling_2

Skill      XL: |  1  2 |
---------------+-------+-----
Conjurations   | 3 |  3.1
Stealth        | 2 |  2.0
Fighting       | |  0.2
Dodging        | |  2.5
Spellcasting   | |  1.6

Action                     || total
---------------------------++-------
  Melee: Dagger            ||    36
         Headbutt          ||     3
 Armour: Robe              ||     7
         Ring mail         ||    14
  Dodge: Dodged            ||    18

Table legend: (Time is in decaauts)
 A = Elapsed time spent in this place.
 B = Non-inter-level travel time spent in this place.
 C = Inter-level travel time spent in this place.
 D = Time resting spent in this place.
 E = Time spent auto-exploring this place.
 F = Levels seen in this place.
 G = Mean time per level.
                   A        B        C        D        E       F      G
               +--------+--------+--------+--------+--------+-----+--------+
         Total |    506 |    506 |      0 |      0 |    393 |   1 |  506.0 |
       Dungeon |    506 |    506 |      0 |      0 |    393 |   1 |  506.0 |
               +--------+--------+--------+--------+--------+-----+--------+

Top non-repeatable levels by time:
     D:1: 506 daAuts
